 Dungeon Crawl Stone Soup version 0.14-a0-1403-g5d3c58f (webtiles) character file.

10621 4tharraofdagon the Cruncher (level 12, -6/77 HPs)
             Began as a Formicid Gladiator on Dec 10, 2013.
             Was a Priest of Kikubaaqudgha.
             Mangled by a polar bear (7 damage)
             ... on Level 10 of the Dungeon.
             The game lasted 00:37:01 (4711 turns).

4tharraofdagon the Cruncher (Formicid Gladiator)    Turns: 4711, Time: 00:37:01

HP  -6/77        AC  7     Str 26      XL: 12   Next: 16%
MP  20/20        EV 12     Int  7      God: Kikubaaqudgha [***...]
Gold 421         SH 11     Dex 11      Spells:  2 memorised, 17 levels left

rFire  . . .     SeeInvis +     U - +5,+0 lajatang
rCold  . . .     Clarity  .     w - +0 troll leather armour
rNeg   . . .     Conserve .     n - +0 elf buckler
rPois  x         rCorr    .     (helmet unavailable)
rElec  .         rRot     .     P - +0 cloak
SustAb . .       Spirit   .     (no gloves)
rMut   .         Warding  .     (no boots)
Saprov . . .     Stasis   +     (no amulet)
                                a - ring of sustenance {unknown}
                                j - ring of sustenance {unknown}

@: somewhat resistant to hostile enchantments, very unstealthy
A: permanent stasis, dig shafts and tunnels, four strong arms, poison weakness,
antennae 3, blurry vision 1, deterioration 1, herbivore 1, low mp 1, exoskeleton
1
a: Dig, Shaft Self, Receive Corpses, Renounce Religion


You were on level 10 of the Dungeon.
You worshipped Kikubaaqudgha.
Kikubaaqudgha was most pleased with you.
You were not hungry.

You visited 1 branch of the dungeon, and saw 12 of its levels.

You collected 421 gold pieces.

Inventory:

Hand weapons
 s - a +3,+2 broad axe of venom
 U - a +5,+0 lajatang (weapon)
Missiles
 K - 13 javelins (quivered)
Armour
 d - the cursed +0 robe of Jummyost {Str+3 Int+4 Dam+4, unknown}
   (You found it on level 9 of the Dungeon)

   It affects your strength (+3).
   It affects your intelligence (+4).
   It affects your damage-dealing abilities (+4).
   It has a curse placed upon it.
 k - a +0 elven cloak
 n - a +0 elven buckler (worn)
 t - a +0 cloak
 w - a +0 troll leather armour (worn)
 y - the +3 robe of Exclusion {+Inv rN+, unknown}
   (You found it on level 11 of the Dungeon)

   It protects you from negative energy.
   It lets you turn invisible.
 L - the +6 scale mail of the Apprentice {+Fly}
   (You found it on level 11 of the Dungeon)

   It lets you fly.
 N - a +0 chain mail
 P - a +0 cloak (worn)
Magical devices
 i - a wand of random effects (0)
 p - a wand of flame (0)
 q - a wand of disintegration (11)
 G - a wand of cold (2)
 O - a wand of draining (0)
 R - a wand of polymorph (4)
 S - a wand of disintegration (10)
 T - a wand of disintegration (8)
 V - a wand of digging (11)
 Z - a wand of slowing (5)
Comestibles
 b - a pear
 f - 6 bread rations
 W - 4 royal jellies
Scrolls
 c - 2 scrolls of curse weapon
 e - a scroll of enchant weapon I
 l - 2 scrolls of teleportation
 m - 4 scrolls of remove curse
 u - a scroll of fear
 v - a scroll of immolation
 A - a scroll of magic mapping
 B - 2 scrolls of amnesia
 D - a scroll of curse armour {unknown}
 H - a scroll of fog
Jewellery
 a - a ring of sustenance (right hand) {unknown}
 g - an uncursed amulet of stasis
 j - a ring of sustenance (left hand) {unknown}
 Q - an uncursed ring of fire
Potions
 h - 3 potions of heal wounds
 o - 2 potions of restore abilities {unknown}
 r - 2 potions of brilliance {unknown}
 x - a potion of confusion
 C - 2 potions of might
 I - 2 potions of curing
 M - a potion of lignification {unknown}
Books
 z - a book of Summonings

   Spells                             Type                      Level
   Abjuration                         Summoning                    3
   Recall                             Summoning/Translocation      3
   Summon Elemental                   Summoning                    4
   Shadow Creatures                   Summoning                    5
   Summon Demon                       Summoning                    5
   Summon Ugly Thing                  Summoning                    6
 E - Kikubaaqudgha's Incunabulum of Dark Rituals
   (Kikubaaqudgha gifted it to you on level 9 of the Dungeon)

   Spells                             Type                      Level
   *Animate Skeleton                  Necromancy                   1
   Lethal Infusion                    Charms/Necromancy            2
   Sublimation of Blood               Necromancy                   2
   Vampiric Draining                  Necromancy                   3
   Control Undead                     Necromancy                   4
 F - a book of Alchemy

   Spells                             Type                      Level
   Lethal Infusion                    Charms/Necromancy            2
   Sublimation of Blood               Necromancy                   2
   Condensation Shield                Ice                          4
   Alistair's Intoxication            Transmutation/Poison         4
   Petrify                            Transmutation/Earth          4
   Ignite Poison                      Fire/Transmutation           5
 J - a book of Spatial Translocations

   Spells                             Type                      Level
   *Apportation                       Translocation                1
   Portal Projectile                  Translocation                2
   Blink                              Translocation                2
   Shroud of Golubria                 Charms/Translocation         2
   Teleport Other                     Translocation                3
   Passage of Golubria                Translocation                4
 X - Kikubaaqudgha's Compendium of Unholy Secrets
   (Kikubaaqudgha gifted it to you on level 11 of the Dungeon)

   Spells                             Type                      Level
   Excruciating Wounds                Charms/Necromancy            5
   Bolt of Draining                   Conjuration/Necromancy       5
   Dispel Undead                      Necromancy                   5
   Twisted Resurrection               Necromancy                   5
   Death Channel                      Necromancy                   6
Miscellaneous
 Y - a lantern of shadows


   Skills:
 + Level 7.4 Fighting
 * Level 10.0 Staves
 - Level 1.5 Throwing
 + Level 8.4 Armour
 - Level 2.6 Dodging
 + Level 6.6 Shields
 + Level 4.4 Spellcasting
 + Level 1.4 Necromancy
 + Level 4.4 Translocations
 - Level 6.3 Evocations


You had 17 spell levels left.
You knew the following spells:

 Your Spells              Type           Power        Failure   Level  Hunger
a - Apportation           Tloc           #.........   6%          1    #......
b - Animate Skeleton      Necr           N/A          17%         1    #......


Dungeon Overview and Level Annotations

Branches:
Dungeon (12/16)              Lair (0/8) D:11
 Temple: D:4-7          Orc: D:9-12

Altars:
Kikubaaqudgha

Shops:
D:5 /

Annotations:
D:4 Dowan


Innate Abilities, Weirdness & Mutations

Your are under a permanent stasis effect.
You can dig through walls and to a lower floor.
Your four strong arms can wield any weapon, most with a shield.
You are susceptible to poison.
You have a pair of large antennae on your head (SInv).
Your body is surrounded by an exoskeleton. (HP +5, AC +1)
Your vision is a little blurry.
Your body is slowly deteriorating.
You digest meat inefficiently.
Your magical capacity is low (-10% MP).


Message History

The polar bear is severely wounded.
The polar bear bites you!
The polar bear claws you but does no damage.
The polar bear completely misses you.
You closely miss the polar bear.
The polar bear is severely wounded.
The polar bear bites you but does no damage.
The polar bear claws you.
* * * LOW HITPOINT WARNING * * *
The polar bear barely misses you.
You hit the polar bear but do no damage.
The polar bear is severely wounded.
The polar bear goes berserk!
You hit the polar bear.
The polar bear is severely wounded.
The polar bear bites you!
* * * LOW HITPOINT WARNING * * *
The polar bear claws you!
You die...
Kikubaaqudgha rasps: "You have failed me!
Welcome... death!"

.....# #.#.#%.## ##..##
.#.#.#
###.##############(###
.#.# #
##...............).....
.#
#≈≈≈≈≈≈≈≈≈≈≈≈≈≈≈≈≈≈≈≈≈≈
.#
#≈≈≈≈≈≈≈≈≈≈≈≈≈≈≈≈≈≈≈≈≈≈
.#
##.....................
.#
#######%###########+##
.#
#8)###8(.##8(###8.#...
.#.#+###
#.aaU@..).........'...
.#.....#
#.########.###########
.#.....# #..###
##...........
##.....######%.{#
##.########.
................#####
#.#........
....................#
#.#.######.
................a...#
#.#. #.
....................#
#.#. #.
....................#
#.#. . #.


You could see a polar bear (berserk), a soldier ant and a worker ant.

Vanquished Creatures
  Pikel (D:8)
  A hill giant (D:10)
  Maurice (D:8)
  A black mamba (shapeshifter) (D:9)
  Psyche (D:9)
  2 two-headed ogres
  4 red devils (D:12)
  A hydra skeleton (D:8)
  A trapdoor spider zombie (D:12)
  4 trolls
  3 steam dragons (D:10)
  A hill giant skeleton (D:11)
  5 yaks (D:10)
  2 wraiths
  2 hippogriffs (D:10)
  A manticore (D:10)
  A soldier ant (D:10)
  A necrophage (D:10)
  A yellow wasp (D:10)
  A sky beast (D:6)
  A dwarf (D:10)
  3 black bears
  An ice beast (D:11)
  2 slaves (D:8)
  A phantom (D:8)
  6 ogres
  4 centaurs
  3 giant goldfish (D:9)
  A big kobold (D:10)
  A warg (D:11)
  A crocodile (D:10)
  Blork the orc (D:8)
  2 agate snails (D:11)
  4 giant frogs
  A cyclops skeleton (D:10)
  2 jellyfish (D:10)
  A goliath beetle (D:11)
  An electric eel (D:9)
  A giant frog zombie (D:10)
  A big fish (D:9)
  8 crimson imps
  5 hounds
  4 jellies
  An orc priest (D:11)
  A scorpion (D:5)
  3 orc wizards
  A two-headed ogre skeleton (D:11)
  9 worker ants
  2 iguanas
  A mottled dragon skeleton (D:10)
  A mummy (D:11)
  3 gnolls
  7 adders
  A giant mite (D:9)
  2 worms
  A scorpion zombie (D:10)
  7 oozes
  12 orcs
  A ball python (D:5)
  3 giant cockroaches
  5 goblins
  11 hobgoblins
  3 jackals (D:4)
  6 bats
  A giant gecko (D:7)
  A giant gecko zombie (D:6)
  A giant newt (D:2)
  8 kobolds
  2 orc skeletons
  An orc zombie (D:5)
  6 quokkas
  6 rats
  A rat skeleton (D:8)
198 creatures vanquished.

Notes
Turn   | Place    | Note
--------------------------------------------------------------
     0 | D:1      | 4tharraofdagon, the Formicid Gladiator, began the quest for the Orb.
     0 | D:1      | Reached XP level 1. HP: 17/17 MP: 1/1
    69 | D:1      | Reached XP level 2. HP: 22/22 MP: 2/2
   185 | D:2      | Ladykiller69: I went ash when I did it
   285 | D:2      | Ladykiller69: tho ash probably isnt the best speedrun god?
   411 | D:3      | Reached XP level 3. HP: 27/27 MP: 3/3
   500 | D:4      | Reached skill level 1 in Armour
   532 | D:4      | Reached XP level 4. HP: 26/32 MP: 4/4
   536 | D:4      | Reached skill level 1 in Evocations
   579 | D:3      | 4tharraofdagon: ye with extremly good items rolls
   579 | D:3      | 4tharraofdagon: (which allow you to survive all branches without changing equipment)
   629 | D:4      | Noticed Dowan
   652 | D:5      | Entered Level 5 of the Dungeon
   727 | D:5      | Mulzaro: New rat tile :o
   766 | D:5      | Found Schuabbu's Magical Wand Emporium.
   771 | D:5      | Reached XP level 5. HP: 34/37 MP: 5/5
   805 | D:5      | Reached skill level 4 in Staves
   805 | D:5      | Reached skill level 1 in Shields
   925 | D:6      | Reached XP level 6. HP: 39/42 MP: 7/7
  1015 | D:6      | Noticed a sky beast
  1019 | D:6      | Killed a sky beast
  1019 | D:6      | Reached XP level 7. HP: 43/46 MP: 9/9
  1101 | D:6      | Noticed an ice beast
  1135 | D:7      | Found an ancient bone altar of Kikubaaqudgha.
  1138 | D:7      | Reached skill level 5 in Staves
  1144 | D:7      | 4tharraofdagon: hmmh
  1147 | D:7      | Became a worshipper of Kikubaaqudgha
  1160 | D:7      | Ladykiller69: whats the difference betwen kiku and yred?
  1263 | D:8      | Noticed Blork the orc
  1265 | D:8      | Killed Blork the orc
  1265 | D:8      | Reached XP level 8. HP: 28/53 MP: 12/12
  1457 | D:7      | Mulzaro: Yred gives you followers and a few powerful abilities.
  1495 | D:7      | Noticed a manticore
  1571 | D:8      | Ladykiller69: but wasnt kiku also a necromancy god?
  1610 | D:8      | Mulzaro: Yred isnt a necro god
  1621 | D:8      | Mulzaro: Kiku is
  1632 | D:8      | Reached skill level 6 in Staves
  1713 | D:8      | Noticed a four-headed hydra skeleton
  1715 | D:8      | Ladykiller69: so yred is just the undeath guy
  1721 | D:8      | Mulzaro: Kiku gives you corpses, torment resistance, pain brand/necronomicon
  1768 | D:8      | Killed a hydra skeleton
  1768 | D:8      | Reached XP level 9. HP: 29/57 MP: 13/15
  1825 | D:8      | Noticed Pikel
  1853 | D:8      | Killed Pikel
  1853 | D:8      | Reached skill level 5 in Fighting
  1853 | D:8      | Reached skill level 7 in Staves
  1853 | D:8      | Reached skill level 5 in Armour
  1853 | D:8      | Reached skill level 5 in Evocations
  1937 | D:8      | Mulzaro: Yred gives you abilities like injury mirror and life drain
  1982 | D:8      | Learned a level 1 spell: Apportation
  1986 | D:8      | Noticed Maurice
  1991 | D:8      | Killed Maurice
  2166 | D:9      | Mulzaro: both gods have similiar flavor (death, hurr), but Yred is more like a melee support god and Kiku is a necro god. Although Kiku works for melee characters too because of the pain brand etc.
  2195 | D:10     | Entered Level 10 of the Dungeon
  2202 | D:10     | Noticed a hill giant
  2206 | D:10     | Killed a hill giant
  2206 | D:10     | Reached skill level 1 in Spellcasting
  2206 | D:10     | Reached skill level 1 in Translocations
  2206 | D:10     | Reached XP level 10. HP: 64/64 MP: 18/18
  2210 | D:10     | Ladykiller69: so kiku isnt quite the most fit god for him?
  2211 | D:10     | 4tharraofdagon: what ya think
  2211 | D:10     | Ladykiller69: no
  2211 | D:10     | Ladykiller69: dont think so
  2211 | D:10     | Ladykiller69: you lose the shield for that
  2211 | D:10     | 4tharraofdagon: wait,what?
  2211 | D:10     | Ladykiller69: and 2h+shield is the big thing for Fo
  2211 | D:10     | Mulzaro: ?
  2211 | D:10     | 4tharraofdagon: formicids no longer 4-handed?
  2211 | D:10     | Ladykiller69: yes
  2211 | D:10     | Mulzaro: Yeah they are not
  2211 | D:10     | 4tharraofdagon: fuck
  2211 | D:10     | Mulzaro: Giant club or normal 2h+shield
  2211 | D:10     | Ladykiller69: but they cant use GSC and shield
  2211 | D:10     | Ladykiller69: every other 2h they can with shield
  2211 | D:10     | Ladykiller69: but thats just too much of a sacrefice if you ask me
  2231 | D:10     | Noticed a troll
  2237 | D:10     | Killed a troll
  2300 | D:10     | Mulzaro: Executioner's axe + large shield would be awesome, although it requires shitloads of skilltraining
  2319 | D:10     | Noticed a troll
  2323 | D:10     | Killed a troll
  2323 | D:10     | Reached skill level 8 in Staves
  2324 | D:10     | Reached skill level 5 in Shields
  2369 | D:10     | Mulzaro: What is that armor?
  2389 | D:9      | Noticed Psyche
  2393 | D:9      | Ladykiller69: troll leahter
  2396 | D:9      | Killed Psyche
  2398 | D:9      | Ladykiller69: also has new tile
  2402 | D:9      | Mulzaro: new doll?
  2415 | D:9      | Ladykiller69: and doll
  2416 | D:9      | Ladykiller69: oh my
  2416 | D:9      | Ladykiller69: :D
  2416 | D:9      | Mulzaro: Looks a lot better than the old one.
  2416 | D:9      | Ladykiller69: lajatang of pain... :D
  2416 | D:9      | Mulzaro: I mean ALOT
  2420 | D:9      | Mulzaro: Now he just needs to get max piety :D
  2516 | D:9      | Got a fine robe
  2554 | D:9      | Acquired Kikubaaqudgha's first power
  2554 | D:9      | Received a gift from Kikubaaqudgha
  2555 | D:9      | Identified Kikubaaqudgha's Incunabulum of Dark Rituals (Kikubaaqudgha gifted it to you on level 9 of the Dungeon)
  2558 | D:9      | Learned a level 1 spell: Animate Skeleton
  2597 | D:9      | Mulzaro: I find Formicids quite interesting, I just hate the poison vulnerability
  2614 | D:9      | Mulzaro: It's very lethal in the early game
  2671 | D:9      | Ladykiller69: thats why you gl
  2786 | D:9      | Noticed a black mamba
  2790 | D:9      | Killed a black mamba
  2790 | D:9      | Reached XP level 11. HP: 59/69 MP: 20/20
  2814 | D:9      | Ladykiller69: dude
  2814 | D:9      | Ladykiller69: 4th
  2814 | D:9      | 4tharraofdagon: yea
  2814 | D:9      | Ladykiller69: you can get the jellies
  2814 | D:9      | Ladykiller69: with fo dig
  2814 | D:9      | 4tharraofdagon: ya
  2814 | D:9      | 4tharraofdagon: !
  2859 | D:9      | Ladykiller69: why arent you doing that
  2893 | D:9      | Ladykiller69: no I meant
  2896 | D:9      | Ladykiller69: get the loot
  2896 | D:9      | 4tharraofdagon: well whatever,more piety :D
  2903 | D:9      | Torious: lol :p
  2905 | D:10     | Ladykiller69: without corroding your stuff
  2943 | D:10     | Ladykiller69: which was the entire point I wanted to make
  2947 | D:10     | Ladykiller69: oh my
  3059 | D:10     | Noticed a troll
  3070 | D:10     | Killed a troll
  3179 | D:10     | Reached skill level 9 in Staves
  3179 | D:10     | Acquired Kikubaaqudgha's second power
  3207 | D:10     | WOAT: dang
  3221 | D:10     | WOAT: they changed the TLA tile
  3253 | D:10     | WOAT: i thought you had on maxwell's coffin
  3296 | D:9      | Ladykiller69: actually
  3313 | D:9      | Ladykiller69: maxwell would be brilliant for Fo
  3346 | D:10     | WOAT: well, except -cast
  3394 | D:11     | Ladykiller69: you can just go dex and dodgeing
  3399 | D:11     | Got a fabulously ornate robe
  3598 | D:12     | 4tharraofdagon: i've heard that melee is shifted towards str
  3598 | D:12     | 4tharraofdagon: since they removed str/dex weights
  3637 | D:12     | WOAT: hmm?
  3673 | D:12     | Ladykiller69: I have no idea
  3676 | D:12     | WOAT: ive never heard about this weighting but you would know more than i
  3701 | D:12     | WOAT: the "pro" players say the weighting is irrelevant
  3732 | D:11     | Gained mutation: You digest meat inefficiently. [potion of mutation]
  3732 | D:11     | Gained mutation: Your magical capacity is low (-10% MP). [potion of mutation]
  3732 | D:11     | Gained mutation: Your body is slowly deteriorating. [potion of mutation]
  3733 | D:11     | Gained mutation: Your vision is a little blurry. [potion of mutation]
  3734 | D:11     | WOAT: but i dont get why a feature is there if its irrelevant
  3801 | D:11     | Daniel: because it's not cutted out yet
  3845 | D:11     | Ladykiller69: *cut
  3902 | D:11     | WOAT: but the developers love removing content
  3928 | D:11     | WOAT: i cant see them missing an opportunity to do so
  3935 | D:11     | Got an ichor-stained scale mail
  3948 | D:11     | Identified the +6 scale mail of the Apprentice {+Fly} (You found it on level 11 of the Dungeon)
  3983 | D:11     | Found a staircase to the Lair.
  4211 | D:11     | Received a gift from Kikubaaqudgha
  4212 | D:11     | Ladykiller69: is he training necro?
  4212 | D:11     | 4tharraofdagon: yah
  4212 | D:11     | 4tharraofdagon: :)
  4212 | D:11     | Ladykiller69: liar
  4212 | D:11     | Identified Kikubaaqudgha's Compendium of Unholy Secrets (Kikubaaqudgha gifted it to you on level 11 of the Dungeon)
  4213 | D:11     | Ladykiller69: get dat 27 slaying
  4262 | D:10     | WOAT: so are you going to use passage of golubria
  4273 | D:10     | Mulzaro: You need to train necro in order for pain brand to work
  4276 | D:10     | WOAT: i believe it does work for Fo..
  4392 | D:10     | Ladykiller69: oooh my
  4392 | D:10     | Reached XP level 12. HP: 47/77 MP: 20/20
  4393 | D:10     | wojtek: I escaped! my second win :-D
  4393 | D:10     | Ladykiller69: get dat SDA
  4393 | D:10     | Ladykiller69: or
  4393 | D:10     | Ladykiller69: well
  4394 | D:10     | Ladykiller69: not
  4399 | D:10     | wojtek: axes are officially OP
  4401 | D:10     | Ladykiller69: probably
  4469 | D:10     | Reached skill level 1 in Necromancy
  4490 | D:10     | WOAT: cool wojtek
  4493 | D:10     | WOAT: what was the combo
  4497 | D:10     | Reached skill level 10 in Staves
  4534 | D:10     | wojtek: cow fighter
  4562 | D:10     | Noticed a two-headed ogre
  4564 | D:10     | wojtek: of Makhleb
  4583 | D:10     | Killed a two-headed ogre
  4609 | D:10     | Ladykiller69: Minotaurs are stupid
  4711 | D:10     | HP: 1/77 [polar bear (21)]
  4711 | D:10     | Mangled by a polar bear

Action                   |  1- 3 |  4- 6 |  7- 9 | 10-12 || total
-------------------------+-------+-------+-------+-------++-------
Melee: Quarterstaff      |    73 |    96 |   150 |    22 ||   341
       Broad axe         |       |       |     5 |       ||     5
       Lajatang          |       |       |       |   397 ||   397
Throw: Throwing net      |     2 |     6 |     2 |       ||    10
 Abil: Dig               |       |       |       |     5 ||     5
Evoke: Wand              |     4 |     2 |    16 |    43 ||    65
  Use: Scroll            |       |     4 |     4 |    15 ||    23
       Potion            |       |       |       |     3 ||     3
 Stab: Held in net/web   |       |     2 |     1 |       ||     3
